 Dungeon Crawl Stone Soup version 0.27.1-2-g3b301248ec (webtiles) character file.

Game seed: 8725120390815162926

174 Descartes the Shield-Bearer (level 5, -5/27 HPs)
             Began as a Vine Stalker Fighter on Oct 3, 2021.
             Slain by a gnoll (7 damage)
             ... on level 3 of the Dungeon.
             The game lasted 00:04:04 (2840 turns).

Descartes the Shield-Bearer (Vine Stalker Fighter)  Turns: 2840, Time: 00:04:05

Health: -5/27      AC:  6    Str: 17    XL:     5   Next: 54%
Magic:  0/6        EV:  7    Int:  8    God:
Gold:   119        SH: 10    Dex: 14    Spells: 4/4 levels left

rFire    . . .     SeeInvis .   a - +0 long sword
rCold    . . .     Faith    .   c - +0 kite shield
rNeg     . . .     Spirit   +   b - +0 scale mail
rPois    .         Reflect  .   (no helmet)
rElec    .         Harm     .   (no cloak)
rCorr    .         Rampage  .   (no gloves)
Will     .....                  (no boots)
Stlth    ..........             (no amulet)
HPRegen  1.09/turn              (no ring)
MPRegen  0.10/turn              (no ring)

@: no status effects
A: fangs 2, regeneration 1, magic shield, antimagic bite, no potion heal 2, weak
1, subdued magic 1
a: no special abilities


You were on level 3 of the Dungeon.
You visited 1 branch of the dungeon, and saw 4 of its levels.

You collected 119 gold pieces.

Inventory:

Hand Weapons
 a - a +0 long sword (weapon)
 e - a +0 hunting sling
 i - a +0 long sword
 n - a +0 hunting sling
Missiles
 g - 148 stones (quivered)
Armour
 b - a +0 scale mail (worn)
 c - a +0 kite shield (worn)
Jewellery
 j - a ring of ice
Scrolls
 f - a scroll of immolation {unknown}
 k - 2 scrolls of teleportation {unknown}
 l - a scroll of fear {unknown}
 m - 2 scrolls of identify {unknown}
 o - a scroll of enchant armour {unknown}
Potions
 d - 2 potions of might
 p - a potion of flight {unknown}


   Skills:
 - Level 2.6 Fighting
 - Level 1.7 Long Blades
 - Level 2.4 Armour
 + Level 5.5 Shields


You had 4 spell levels left.
You didn't know any spells.
Your spell library contained the following spells:

 Spells                   Type           Power      Damage    Failure   Level
 Beastly Appendage        Tmut           0%         N/A       99%         1
 Summon Small Mammal      Summ           0%         N/A       99%         1
 Wereblood                Tmut           0%         N/A       100%        2
 Call Canine Familiar     Summ           0%         N/A       100%        3
 Spider Form              Tmut/Pois      0%         N/A       100%        3
 Summon Guardian Golem    Hex/Summ       0%         N/A       100%        3


Dungeon Overview and Level Annotations

Branches:
Dungeon (4/15)
 Temple: D:4-7

Altars:
Cheibriados
Gozag
Sif Muna
Uskayaw

Shops:
D:1 ?

Annotations:
D:3 2 transporters
D:4 Edmund, Sigmund


Innate Abilities, Weirdness & Mutations

You have extremely sharp teeth.
Your natural rate of healing is unusually fast.
When hurt, damage is shared between your health and your magic reserves.
Your bite disrupts and absorbs the magic of your enemies.
Potions cannot restore your health.
You are weak. (Str -2)
Your spells are a little easier to cast, but a little less powerful.


Message History

The gnoll seems to speed up.
You block the orc wizard's attack.
Sigmund the Dreaded comes into view.
He is wielding a +3 scythe.
You block the gnoll's attack.
There is a stone staircase leading up, spattered with blood here.
The orc wizard gestures at you while chanting.
You resist with some effort. The ogre hits you with a +0 giant club!
You climb upwards.
Level annotation: 2 transporters
There is a stone staircase leading down, spattered with blood here.
You barely miss the ogre. You bite the ogre. You drain its power.
You feel invigorated.
The ogre is lightly wounded.
You block the gnoll's attack.
The orc wizard casts a spell.
The orc wizard flickers and vanishes!
Deactivating autopickup; reactivate with Ctrl-A.
You block the gnoll's attack. Something hits you.
The ogre hits you with a +0 giant club! The gnoll hits you with a +0 halberd.
* * * LOW HITPOINT WARNING * * *
Unknown command.
You are too injured to fight recklessly!
The gnoll hits you with a +0 halberd.
* * * LOW HITPOINT WARNING * * *
There is a stone staircase leading down here.
It was a potion of mutation.
You feel extremely strange.
You feel weaker.
Your connection to magic feels subdued.
The gnoll hits you with a +0 halberd.
* * * LOW HITPOINT WARNING * * *
You block something's attack. The gnoll closely misses you.
You block the ogre's attack. The gnoll barely misses you.
You hear some strange, mumbled words.
A puff of flame appears from out of thin air!
The puff of flame hits you.
* * * LOW HITPOINT WARNING * * *
Things that are here:
a +0 robe; a +0 club The gnoll hits you from afar with a +0 halberd!
You die...

##........#####.#####.#
#.........#⌠≈≈###≈≈⌠#.#
#.........#≈≈≈≈≈≈≈≈≈#.##
#.........#≈≈≈###≈≈≈#.##
#.........##≈##.##≈##.##
#..........'≈#._.≈≈#..##
##........##≈##.##≈##.##
#.........#≈≈≈###≈≈≈#.##
#......@..#≈≈≈≈≈≈≈≈≈#...
#....O[...#⌠≈≈###≈≈⌠#...
#..<.>g{..#####.#####...
#...>).)................
##.))....#.###....##....
##.....##..##....##.##.
#########.####.##..####....
#..8....#.####...)..# #####
#....8⌠.#....###....## #.#


You could see an ogre and a gnoll (fast).

Vanquished Creatures
  A hound (D:3)
  Jessica (D:3)
  3 gnolls (D:3)
  2 adders
  A worm (D:3)
  A dart slug (D:1)
  5 ball pythons (D:3)
  4 bats (D:1)
  3 endoplasms
  3 giant cockroaches
  7 goblins
  7 hobgoblins
  10 jackals
  6 kobolds
  A quokka (D:2)
  2 frilled lizards
  4 rats
61 creatures vanquished.

Notes
Turn   | Place    | Note
-------+----------+-------------------------------------------
     0 | D:1      | Descartes the Vine Stalker Fighter began the quest for the
                  | Orb.
     0 | D:1      | Reached XP level 1. HP: 11/11 MP: 2/2
    35 | D:1      | Reached skill level 3 in Shields
    45 | D:1      | Reached XP level 2. HP: 15/16 MP: 3/3
   233 | D:1      | Found Rimpuk's Magic Scroll Shop.
   580 | D:1      | Reached XP level 3. HP: 17/19 MP: 4/4
  1136 | D:2      | Reached skill level 4 in Shields
  1659 | D:2      | Gained mutation: Your natural rate of healing is unusually
                  | fast. [Vine Stalker growth]
  1659 | D:2      | Reached XP level 4. HP: 23/23 MP: 5/5
  2075 | D:3      | Found a shimmering blue altar of Sif Muna.
  2191 | D:3      | Noticed Jessica
  2200 | D:3      | Killed Jessica
  2227 | D:3      | Found a snail-covered altar of Cheibriados.
  2375 | D:3      | Noticed an eye of devastation
  2377 | D:3      | Found a faded altar of an unknown god.
  2379 | D:3      | Noticed a floating eye
  2379 | D:3      | Noticed a golden eye
  2379 | D:3      | Noticed a golden eye
  2387 | D:3      | Noticed a +0 hand axe
  2387 | D:3      | Noticed a +0 dagger
  2388 | D:3      | Found a hide-covered altar of Uskayaw.
  2415 | D:3      | Found a transporter.
  2415 | D:3      | Found a transporter.
  2420 | D:3      | Noticed an orc warrior
  2427 | D:3      | Found an opulent altar of Gozag.
  2427 | D:3      | Noticed a black bear
  2747 | D:4      | Noticed Edmund
  2759 | D:3      | Reached skill level 5 in Shields
  2759 | D:3      | Reached XP level 5. HP: 27/27 MP: 6/6
  2829 | D:4      | Noticed an ogre
  2833 | D:4      | Noticed Sigmund
  2838 | D:3      | Gained mutation: You are weak. (Str -2) [potion of
                  | mutation]
  2838 | D:3      | Gained mutation: Your spells are a little easier to cast,
                  | but a little less powerful. [potion of mutation]
  2839 | D:3      | HP: 1/27 [something/puff of flame (3)]
  2840 | D:3      | Slain by a gnoll

Illustrated notes

Levels and vault maps discovered:
D:1:      lightli_arrival_chessboard, layout_basic, serial_shops, shop
D:2:      layout_loops_corners, minmay_goblin_outpost
D:3:      layout_rooms, dancing_weapons_uskayaw, mainiacjoe_overflow_boulevard,
          gammafunk_temple_overflow_arena, cheibrodos_worm_habitat,
          serial_aquarium, aquarium_bridge_square [aquarium_subvault_bridge,
          aquarium_subvault_bridge, aquarium_subvault_wall,
          aquarium_subvault_balcony], aquarium_window_2,
          aquarium_window_corridor_3, aquarium_window_1, aquarium_window_2,
          aquarium_view_2b, hellmonk_ecumenical_altar_watching_god,
          dk_noncrumbling_3, chequers_decorated_corner, uniq_jessica
D:4:      layout_rooms, grunt_ministairs_5, uniq_sigmund, uniq_edmund

Skill      XL: |  1  2  3  4 |
---------------+-------------+-----
Shields        | 3 4 5 |  5.5
Fighting       | |  2.6
Long Blades    | |  1.7
Armour         | |  2.4

Action                   |  1- 3 |  4- 6 || total
-------------------------+-------+-------++-------
Melee: Long sword        |   101 |    66 ||   167
       Bite              |    28 |    15 ||    43
  Use: Potion            |       |     1 ||     1
Armor: Scale mail        |    61 |    34 ||    95
Dodge: Dodged            |    45 |    18 ||    63
Block: Kite shield       |    70 |    49 ||   119
       Rpst.: Long sword |    17 |     6 ||    23
